 Dungeon Crawl Stone Soup version 0.29.0 (webtiles) character file.

Game seed: 13241509381477564972

63 Toastz the Ruffian (level 3, -2/29 HPs)
             Began as a Demigod Transmuter on Sept 9, 2022.
             Slain by an orc priest
             ... wielding a +0 mace
              (7 damage)
             ... on level 3 of the Dungeon.
             The game lasted 00:02:37 (2490 turns).

Toastz the Ruffian (Demigod Transmuter)             Turns: 2490, Time: 00:02:37

Health: -2/29      AC:  3    Str: 15    XL:     3   Next: 61%
Magic:  6/8        EV: 12    Int: 15    God:
Gold:   112        SH:  0    Dex: 14    Spells: 2/5 levels left

rFire   . . .      SeeInvis .     - Unarmed
rCold   + . .      Faith    .   (no shield)
rNeg    . . .      Spirit   .   a - +0 robe
rPois   .          Reflect  .   i - +0 helmet
rElec   .          Harm     .   (no cloak)
rCorr   .          Rampage  .   (no gloves)
Will    .....                   (no boots)
Stlth   +.........              (no amulet)
HPRegen 0.09/turn               g - ring of protection from cold
MPRegen 0.11/turn               (no ring)

@: wereblooded
A: high MP 1, forlorn, divine attributes
a: no special abilities


You were on level 3 of the Dungeon.
You visited 1 branch of the dungeon, and saw 3 of its levels.

You collected 112 gold pieces.

Inventory:

Armour
 a - a +0 robe (worn)
 i - a +0 helmet (worn)
Jewellery
 g - a ring of protection from cold (left hand)
Scrolls
 d - a scroll of silence {unknown}
 h - a scroll of vulnerability {unknown}
 j - 2 scrolls of teleportation {unknown}
 k - a scroll of identify {unknown}
Potions
 b - a potion of lignification
 c - a potion of brilliance {unknown}
 e - 3 potions of heal wounds {unknown}
 f - 3 potions of curing {unknown}


   Skills:
 + Level 2.0 Fighting
 - Level 1.7 Dodging
 + Level 3.3 Unarmed Combat
 + Level 1.8 Spellcasting
 + Level 2.6 Transmutations


You had 2 spell levels left.
You knew the following spells:

 Your Spells              Type           Power      Damage    Failure   Level
a - Beastly Appendage     Tmut           18%        N/A       8%          1
b - Wereblood             Tmut           9%         N/A       12%         2

Your spell library contained the following spells:

 Spells                   Type           Power      Damage    Failure   Level
 Slow                     Hex            4%         N/A       22%         1
 Spider Form              Tmut/Pois      5%         N/A       36%         3
 Confusing Touch          Hex            1%         N/A       56%         3
 Vampiric Draining        Necr           1%         2d6       56%         3
 Ice Form                 Ice/Tmut       5%         N/A       78%         4


Dungeon Overview and Level Annotations

Branches:
Dungeon (3/15)


Innate Abilities, Weirdness & Mutations

You have an increased reservoir of magic. (+10% MP)
You shall have no god before yourself.
Your divine heritage dramatically boosts your attributes as you level up.


Message History

You grow a pair of large bovine horns.
Your feet morph into talons.
Your +0 helmet melds into your body.
Casting: Beastly Appendage (safe; 8% risk of failure)
Confirm with . or Enter, or press ? or * to list all spells.
Your blood is infused with primal strength.
You climb downwards.
Your transformation is almost over.
The orc priest invokes the aid of Beogh against you.
Pain shoots through your body! The bat hits you but does no damage.
There is a stone staircase leading up here.
You miss the bat. Your kick misses the bat. The bat hits you.
The orc priest mumbles some strange prayers to Beogh against you.
Pain shoots through your body! The bat closely misses you.
You hit the orc priest. You claw the orc priest.
The orc priest is heavily wounded.
The bat misses you. The orc priest hits you with a +0 mace.
You hit the orc priest.
You claw the orc priest, but do no damage.
The orc priest is heavily wounded.
The bat barely misses you.
You hit the orc priest. Your kick misses the orc priest.
You headbutt the orc priest.
The orc priest is heavily wounded.
The bat hits you but does no damage. The orc priest hits you with a +0 mace.
You hit the orc priest but do no damage.
You claw the orc priest, but do no damage.
The orc priest is heavily wounded.
The bat hits you but does no damage. The orc priest hits you with a +0 mace.
You hit the orc priest.
The orc priest is severely wounded.
The bat barely misses you. The orc priest hits you with a +0 mace.
* * * LOW HITPOINT WARNING * * *
You closely miss the orc priest. Your kick misses the orc priest.
Your headbutt misses the orc priest.
The orc priest is severely wounded.
Your horns disappear.
Your talons disappear.
Your +0 helmet unmelds from your body.
The bat hits you but does no damage. The orc priest hits you with a +0 mace!
You die...

......
.....
#.).##
#....
#...#
##...###
#......#
#.<..#.#
#..@o..#
#b####.#
#. .. ..
$ ...
... ..##


You could see an orc priest and a bat.

Vanquished Creatures
  An adder (D:2)
  A worm (D:2)
  2 dart slugs
  4 orcs (D:2)
  5 ball pythons
  A bat (D:2)
  2 endoplasms (D:2)
  A giant cockroach (D:1)
  6 goblins
  5 hobgoblins
  A quokka (D:1)
  3 frilled lizards (D:2)
  2 kobolds (D:2)
  6 rats
40 creatures vanquished.

Notes
Turn   | Place    | Note
-------+----------+-------------------------------------------
     0 | D:1      | Toastz the Demigod Transmuter began the quest for the Orb.
     0 | D:1      | Reached XP level 1. HP: 15/15 MP: 5/5
    32 | D:1      | Reached skill level 1 in Fighting
   416 | D:1      | Reached XP level 2. HP: 20/23 MP: 5/7
   586 | D:1      | Reached skill level 3 in Unarmed Combat
   805 | D:1      | Learned a level 2 spell: Wereblood
  1623 | D:2      | Reached XP level 3. HP: 29/29 MP: 6/8
  2490 | D:3      | Slain by an orc priest

Illustrated notes

Levels and vault maps discovered:
D:1:      dpeg_arrival_rooms_b, layout_rooms, minmay_tetromino_i2
D:2:      layout_basic
D:3:      layout_loops_cross, ebering_ecumenical_altar_sacrificial, uniq_terence

Skill      XL: |  1  2  3 |
---------------+----------+-----
Fighting       | 1 2 |  2.0
Transmutations | 2 |  2.6
Unarmed Combat | 3 |  3.3
Dodging        | |  1.7
Spellcasting   | |  1.8

Action                   || total
-------------------------++-------
Melee: Unarmed           ||    98
       Kick              ||    25
       Headbutt          ||    12
       Punch             ||     2
 Cast: Beastly Appendage ||    20
       Wereblood         ||     6
 Stab: Sleeping          ||     2
Armor: Robe              ||    23
Dodge: Dodged            ||    60
